Map: Sanctuary III LE

Players

Lambo - Winner!

  • Race: Zerg Zerg
  • Spawn Location: 1:00

SKillous

  • Race: Protoss Protoss
  • League: Grandmaster
  • Spawn Location: 7:00

Event: HomeStory Cup XXIX

VOD

Have the link to the VOD?

Description

Time

  • Played on: July 4, 2026, 3:15 p.m.
  • Length: 11:23

All games in this series

Show
View Real Time Build Order
Export as new Build Order

Lambo Zerg - Winner!

Build Orders: Hatch First 

Get SALT Encoding   

  8  0:00  Drone  
  9  0:11  Drone  
  10  0:16  Drone  
  11  0:22  Drone  
  12  0:33  Overlord  
  12  0:41  Extractor, Drone  
  13  0:51  Drone x2  
  15  1:01  Drone  
  16  1:15  Hatchery  
  15  1:19  Drone  
  15  1:23  Drone  
  17  1:30  Drone  
  18  1:37  Extractor  
  17  1:42  Spawning Pool  
  17  1:46  Drone  
  17  1:51  Drone  
  18  2:01  Drone  
  19  2:10  Overlord  
  19  2:21  Drone  
  20  2:29  Queen x2  
  22  2:30  Zergling x2  
  22  2:34  Drone  
  26  2:39  Metabolic Boost  
  26  2:42  Zergling x2  
  27  2:45  Drone  
  27  2:50  Drone  
  29  2:52  Drone  
  30  2:59  Drone  
  30  3:01  Overlord  
  31  3:10  Drone  
  32  3:16  Hatchery  
  31  3:22  Zergling x2  
  31  3:30  Queen  
  31  3:31  Overlord  
  32  3:36  Drone  
  32  3:39  Drone x2  
  32  3:41  Drone  
  36  3:43  Drone  
  36  3:46  Drone  
  38  3:49  Drone x2  
  38  3:52  Drone  
  38  3:53  Drone  
  42  3:56  Spore Crawler  
  42  3:59  Drone  
  42  4:04  Queen  
  42  4:08  Overlord  
  44  4:11  Zergling x2  
  44  4:14  Zergling x4  
  44  4:16  Zergling x2  
  47  4:19  Overlord  
  47  4:29  Drone x4  
  47  4:30  Spore Crawler  
  49  4:33  Drone  
  48  4:39  Drone x2  
  48  4:40  Drone  
  48  4:44  Drone x2  
  52  4:46  Drone  
  52  4:48  Drone  
  52  4:51  Drone x2  
  56  4:53  Drone  
  56  4:55  Drone  
  56  4:59  Overlord  
  58  5:01  Drone x2  
  58  5:06  Queen  
  62  5:08  Drone x2  
  62  5:12  Extractor  
  62  5:13  Lair  
  62  5:15  Drone  
  62  5:16  Drone  
  62  5:18  Drone x2  
  66  5:26  Roach Warren  
  66  5:27  Drone x4  
  69  5:31  Zergling x6  
  72  5:36  Extractor  
  72  5:41  Zergling x10, Spore Crawler  
  75  5:46  Overlord  
  75  5:48  Extractor  
  75  5:49  Pneumatized Carapace  
  73  5:53  Overlord  
  73  5:59  Overlord  
  73  6:00  Overlord x3  
  73  6:01  Overlord  
  73  6:03  Overlord  
  73  6:09  Roach x3  
  79  6:14  Roach x4  
  87  6:20  Roach x3  
  87  6:22  Roach  
  93  6:26  Roach x2  
  97  6:33  Zergling x6  
  97  6:38  Zergling x6  
  103  6:51  Queen  
  103  6:52  Overlord  
  103  6:53  Zergling x10  
  110  6:54  Ravager  
  110  6:55  Ravager x3  
  110  7:00  Zergling x8  
  118  7:02  Ravager  
  119  7:09  Zergling x12  
  119  7:10  Zergling x2, Ravager  
  119  7:14  Zergling x2  
  128  7:18  Zergling x8  
  128  7:21  Zergling x6  
  123  7:33  Zergling x12  
  124  7:42  Zergling x6  
  114  7:46  Zergling x6  
  114  7:47  Ravager x3  
  120  7:51  Zergling x6  
  120  7:57  Zergling x4  
  114  8:03  Roach  
  115  8:09  Roach x2  
  115  8:12  Roach  
  114  8:17  Roach x5  
  114  8:18  Zergling x2  
  124  8:21  Zergling x10  
  124  8:24  Hydralisk Den  
  124  8:26  Drone  
  129  8:28  Drone  
  129  8:31  Drone  
  131  8:46  Hatchery  
  131  8:48  Overlord, Drone  
  130  8:52  Drone  
  130  8:54  Drone x2  
  130  8:55  Drone  
  131  8:58  Drone x2  
  131  9:00  Queen  
  131  9:02  Drone  
  131  9:04  Drone  
  131  9:05  Queen  
  131  9:08  Muscular Augments  
  131  9:09  Extractor, Drone x7  
  140  9:14  Drone  
  136  9:17  Drone x4  
  136  9:22  Hydralisk x3  
  136  9:23  Extractor  
  137  9:26  Overlord x3  
  136  9:31  Overlord  
  136  9:33  Overlord  
  136  9:36  Evolution Chamber  
  136  9:37  Overlord  
  135  9:39  Overlord  
  135  9:41  Overlord, Glial Reconstitution  
  135  9:46  Hydralisk x2  
  135  9:50  Hydralisk  
  135  9:51  Hydralisk x2  
  141  9:54  Hydralisk x2  
  141  9:58  Hydralisk  
  142  10:07  Hydralisk x4  
  142  10:09  Hydralisk  
  142  10:11  Hydralisk  
  142  10:12  Grooved Spines  
  153  10:17  Hydralisk x2  
  157  10:22  Hydralisk  
  157  10:23  Hydralisk, Zergling x2  
  157  10:27  Hydralisk x2, Roach x2  
  164  10:29  Roach  
  164  10:32  Roach  
  164  10:33  Roach  
  164  10:35  Roach x2  
  165  10:37  Roach  
  165  10:41  Roach x2  
  166  10:44  Zergling x6, Ravager  
  166  10:45  Ravager  
  166  10:47  Zergling x6  
  169  10:51  Zergling x8  
  169  10:55  Zergling x8  
  177  10:58  Zergling x4  
  177  11:00  Roach  
Show
View Real Time Build Order
Export as new Build Order

SKillous Protoss 

Build Orders: 1 Gate Expand, Oracle Opening 

Get SALT Encoding   

  8  0:00  Probe (Chrono Boost)  
  9  0:12  Probe (Chrono Boost)  
  10  0:17  Probe (Chrono Boost)  
  11  0:27  Probe  
  12  0:32  Pylon  
  12  0:39  Probe  
  13  0:51  Probe  
  14  0:57  Gateway  
  14  1:03  Probe (Chrono Boost)  
  15  1:12  Probe (Chrono Boost)  
  15  1:17  Probe (Chrono Boost)  
  17  1:29  Probe  
  18  1:42  Nexus  
  18  1:47  Assimilator  
  18  1:57  Cybernetics Core  
  18  2:01  Probe  
  18  2:07  Assimilator  
  19  2:14  Probe  
  20  2:15  Pylon  
  20  2:26  Probe  
  21  2:31  Adept (Chrono Boost)  
  23  2:38  Probe  
  24  2:50  Probe  
  25  2:54  Adept (Chrono Boost), Probe  
  28  3:02  Probe  
  29  3:06  Probe (Chrono Boost)  
  29  3:09  Stargate  
  30  3:14  Warp Gate  
  30  3:18  Probe (Chrono Boost)  
  30  3:19  Probe (Chrono Boost)  
  32  3:25  Probe (Chrono Boost)  
  34  3:28  Probe (Chrono Boost)  
  34  3:29  Adept  
  34  3:33  Probe  
  35  3:38  Probe  
  36  3:42  Pylon  
  36  3:45  Probe, Gateway  
  37  3:50  Probe, Oracle (Chrono Boost)  
  41  3:57  Probe  
  44  4:02  Stalker  
  44  4:03  Probe  
  44  4:09  Probe  
  46  4:12  Pylon  
  46  4:15  Probe  
  47  4:20  Oracle  
  50  4:30  Probe x2  
  52  4:35  Nexus  
  50  4:40  Adept, Assimilator  
  50  4:43  Assimilator  
  50  4:44  Pylon  
  49  4:46  Probe x2 (Chrono Boost)  
  50  4:54  Adept  
  50  4:57  Probe (Chrono Boost)  
  55  5:00  Probe (Chrono Boost)  
  55  5:05  Shield Battery  
  56  5:11  Robotics Facility  
  56  5:14  Forge  
  55  5:15  Sentry  
  55  5:16  Probe x2  
  59  5:23  Sentry  
  62  5:28  Probe (Chrono Boost)  
  62  5:31  Probe (Chrono Boost)  
  63  5:36  Pylon, Sentry  
  63  5:40  Probe (Chrono Boost), Pylon  
  66  5:45  Protoss Ground Weapons Level 1 (Chrono Boost)  
  66  5:47  Sentry  
  66  5:49  Probe (Chrono Boost)  
  71  5:50  Probe (Chrono Boost)  
  71  5:52  Stalker  
  71  5:53  Probe (Chrono Boost)  
  75  5:57  Probe (Chrono Boost)  
  75  5:59  Probe (Chrono Boost)  
  75  6:00  Probe (Chrono Boost)  
  75  6:01  Immortal  
  75  6:02  Probe (Chrono Boost)  
  81  6:08  Pylon  
  81  6:10  Probe (Chrono Boost)  
  82  6:14  Probe (Chrono Boost)  
  82  6:16  Probe (Chrono Boost)  
  82  6:17  Pylon  
  84  6:23  Probe (Chrono Boost)  
  84  6:24  Probe (Chrono Boost)  
  87  6:26  Probe (Chrono Boost)  
  89  6:34  Stalker  
  89  6:35  Stalker, Probe  
  88  6:40  Oracle, Immortal  
  88  6:43  Photon Cannon  
  88  6:44  Photon Cannon  
  88  6:45  Photon Cannon  
  95  6:47  Photon Cannon  
  95  6:50  Shield Battery  
  95  6:51  Shield Battery  
  95  6:54  Shield Battery  
  95  6:55  Adept  
  95  6:56  Sentry  
  95  7:00  Pylon  
  99  7:04  Photon Cannon  
  99  7:09  Photon Cannon  
  99  7:10  Pylon  
  99  7:15  Oracle  
  100  7:31  Probe  
  94  7:37  Immortal (Chrono Boost), Probe  
  94  7:40  Stalker x2  
  97  7:47  Void Ray  
  97  7:49  Gateway  
  97  7:50  Gateway  
  91  7:52  Gateway x2, Probe  
  91  7:54  Probe  
  91  7:58  Stalker x2  
  93  8:00  Probe  
  93  8:03  Protoss Ground Armor Level 1  
  94  8:07  Probe  
  94  8:09  Probe, Immortal  
  99  8:12  Probe  
  99  8:19  Probe  
  95  8:21  Probe  
  95  8:22  Stalker x2  
  95  8:25  Probe  
  93  8:31  Probe  
  81  8:37  Stalker x2  
  81  8:38  Stalker x2  
  88  8:41  Pylon  
  88  8:42  Pylon  
  88  8:44  Stalker  
  89  8:52  Stalker  
  89  8:53  Pylon  
  89  8:54  Stalker  
  87  8:58  Stalker  
  89  9:05  Stalker  
  89  9:06  Stalker  
  93  9:11  Stalker  
  93  9:15  Stalker  
  97  9:18  Adept  
  85  9:25  Stalker  
  85  9:29  Sentry, Zealot  
  85  9:31  Zealot  
  93  9:35  Zealot  
  95  9:41  Sentry  
  95  9:42  Zealot  
  95  9:43  Zealot  
  101  9:46  Zealot  
  103  9:58  Sentry x2  
  107  10:01  Warp Prism (Chrono Boost)  
  107  10:03  Zealot x2  
  108  10:15  Zealot x3  
  106  10:49  Sentry x4  
  114  10:52  Pylon  
  114  10:53  Pylon  
  106  11:08  Zealot x2  
  84  11:12  Zealot x4  
Tags
 
Add a new tag
Caveats
  • Supply blocks, unpowered buildings, or Contaminate may cause inaccurate times.
  • Supply counts are checked every 10 seconds.